Map: Vaani Research Station (Void)

Players

Dendrites - Winner!

  • Race: Terran Terran
  • Spawn Location: 12:00

Orzo

  • Race: Protoss Protoss
  • League: Master
  • Spawn Location: 6:00

VOD

Have the link to the VOD?

Description

Time

  • Played on: Jan. 23, 2017, 11:01 p.m.
  • Length: 15:36
Show
View Real Time Build Order
Export as new Build Order

Dendrites Terran - Winner!

Build Orders: MMM Bio 

Get SALT Encoding   

  12  0:01  SCV  
  13  0:13  SCV  
  14  0:18  Supply Depot  
  14  0:25  SCV  
  15  0:30  Refinery  
  15  0:40  SCV  
  16  0:46  Barracks  
  16  0:52  SCV  
  17  1:04  SCV  
  18  1:16  SCV  
  19  1:29  SCV  
  20  1:34  Reaper  
  21  1:43  Orbital Command  
  21  1:50  Command Center  
  21  2:03  Barracks  
  21  2:06  Barracks Reactor  
  21  2:10  SCV  
  22  2:17  Supply Depot  
  22  2:22  SCV  
  23  2:29  Factory  
  23  2:39  SCV  
  24  2:45  Marine x2  
  24  2:51  SCV  
  26  3:00  Barracks Tech Lab  
  26  3:02  Orbital Command  
  26  3:03  Refinery  
  26  3:07  Marine x2  
  26  3:08  SCV  
  29  3:13  Factory Tech Lab  
  29  3:19  Stimpack, Marine  
  30  3:25  SCV  
  30  3:26  Marine x2  
  33  3:30  SCV  
  33  3:32  Widow Mine  
  36  3:37  SCV, Marine  
  38  3:43  Supply Depot, SCV  
  38  3:45  Marine x2  
  41  3:50  Starport  
  41  3:54  Marine  
  42  3:56  SCV  
  43  4:05  SCV  
  43  4:07  Supply Depot, Marine x2  
  43  4:08  SCV  
  47  4:14  Siege Tank  
  47  4:15  Refinery  
  47  4:16  Marine  
  51  4:21  SCV  
  51  4:22  SCV  
  53  4:29  Engineering Bay  
  53  4:30  Medivac  
  55  4:35  SCV  
  55  4:37  Marine x3  
  59  4:43  Supply Depot  
  59  4:49  Siege Tank  
  62  4:52  Refinery  
  62  4:55  Supply Depot  
  62  5:02  Starport Reactor  
  62  5:04  SCV x2, Marine x3  
  62  5:06  Terran Infantry Weapons Level 1  
  67  5:09  Supply Depot  
  67  5:16  SCV x2  
  67  5:19  Barracks  
  69  5:23  Combat Shields  
  69  5:29  Marine x3  
  69  5:31  SCV x2  
  74  5:39  Medivac x2  
  78  5:43  Siege Tank  
  78  5:47  Supply Depot  
  81  5:50  Marine x3  
  81  5:54  Liberator  
  81  5:56  Liberator, Supply Depot  
  84  6:00  SCV x2  
  84  6:01  Missile Turret  
  86  6:07  Barracks Tech Lab  
  86  6:16  SCV x2  
  94  6:21  Marine x2  
  96  6:27  Supply Depot x2  
  96  6:28  Marauder  
  96  6:30  Marauder, Concussive Shells  
  100  6:38  SCV  
  101  6:43  Missile Turret  
  101  6:44  Missile Turret  
  101  6:45  Marine  
  101  6:47  Missile Turret  
  102  6:48  Marine  
  103  6:58  Liberator  
  103  7:01  Liberator  
  103  7:02  Marauder  
  104  7:10  Marine  
  104  7:11  Marauder  
  107  7:16  Supply Depot  
  113  7:22  Command Center  
  113  7:29  SCV x2  
  115  7:30  Marauder, Marine  
  118  7:38  Marine  
  111  7:55  Marauder, Marine x2  
  111  7:58  Siege Tank  
  102  8:00  Barracks x2  
  102  8:01  Barracks  
  102  8:03  Medivac x2  
  104  8:20  Terran Infantry Armor Level 1, SCV  
  104  8:21  SCV, Engineering Bay  
  104  8:22  Armory  
  104  8:34  Marauder, Marine x3  
  102  8:39  Medivac x2  
  102  8:40  Siege Tank  
  107  8:51  Marine  
  107  8:53  Barracks Tech Lab x2  
  107  8:54  Barracks Reactor  
  107  8:55  Orbital Command  
  99  9:13  Marine x3  
  99  9:14  Marauder  
  88  9:22  Terran Vehicle Weapons Level 1, Terran Infantry Weapons Level 2  
  88  9:23  Supply Depot  
  85  9:25  SCV x2  
  85  9:28  Missile Turret, Supply Depot  
  87  9:31  Supply Depot  
  87  9:32  Marauder, Supply Depot, Marine x2  
  87  9:36  SCV  
  87  9:37  SCV  
  93  9:39  Marine x2  
  94  9:48  Marine x3  
  94  9:50  Marine x2  
  89  9:53  Marauder  
  89  9:54  Siege Tank, Medivac x2  
  89  9:56  Refinery  
  96  10:18  Marauder, Marine x2  
  96  10:19  Marine x2  
  96  10:20  Marauder x2  
  108  10:21  Marauder  
  108  10:22  SCV  
  108  10:27  Supply Depot  
  108  10:28  Siege Tank, Medivac x2  
  112  10:30  Supply Depot x2  
  112  10:34  Terran Infantry Armor Level 2  
  116  10:37  Supply Depot  
  116  10:38  Supply Depot x2  
  116  10:40  SCV x2  
  118  10:46  Refinery  
  118  10:47  Marauder  
  118  10:48  Marauder, Marine x2  
  114  10:57  Marine x2  
  117  11:06  Marine  
  117  11:08  Marine x2  
  117  11:09  Marauder  
  113  11:12  Barracks  
  113  11:13  Barracks x2  
  113  11:16  Marine x2  
  113  11:17  Marine x2  
  106  11:23  Marine  
  102  11:26  Marine x2  
  102  11:30  Marine  
  101  11:32  SCV  
  101  11:33  SCV x2  
  101  11:37  Supply Depot  
  103  11:40  Supply Depot  
  103  11:41  Supply Depot  
  103  11:42  Liberator x2, Marine x3  
  103  11:44  Terran Infantry Weapons Level 3  
  103  11:45  Terran Vehicle And Ship Armor Level 1  
  106  11:50  Supply Depot  
  112  12:01  Thor  
  112  12:04  Barracks Reactor x2  
  112  12:05  Barracks Reactor  
  115  12:16  SCV x2  
  115  12:17  SCV  
  115  12:20  Command Center  
  118  12:25  Liberator x2  
  118  12:35  Marauder x4, Marine  
  133  12:48  Thor  
  133  12:50  Marine x3  
  142  12:56  Marauder  
  144  13:00  Marauder x3  
  150  13:06  Missile Turret  
  148  13:17  SCV  
  149  13:23  Sensor Tower  
  149  13:24  Missile Turret, Marine  
  149  13:25  Marauder, Marine x2, Starport  
  149  13:26  Marine  
  154  13:35  Refinery  
  154  13:42  Planetary Fortress  
  154  13:46  Refinery  
  154  13:48  Supply Depot  
  153  13:51  Marine x2  
  153  13:52  Marauder, Marine x5  
  161  14:01  Marine x2  
  161  14:02  Marauder, Marine x3  
  164  14:13  Marauder  
  166  14:27  Viking x2  
  166  14:28  Starport Reactor  
  168  14:37  Armory  
  168  14:38  Armory  
  168  14:40  Marauder x2  
  168  14:41  Marauder x2, Ghost Academy, Marine x3  
  171  15:02  Marine x6  
  171  15:03  Marauder, Marine x2  
  171  15:07  Marine x5  
Show
View Real Time Build Order
Export as new Build Order

Orzo Protoss 

Build Orders: 1 Gate Expand 

Get SALT Encoding   

  12  0:01  Probe (Chrono Boost)  
  13  0:11  Probe (Chrono Boost)  
  14  0:18  Pylon  
  14  0:24  Probe (Chrono Boost)  
  15  0:36  Probe (Chrono Boost)  
  15  0:37  Gateway  
  16  0:42  Assimilator  
  16  0:47  Probe (Chrono Boost)  
  17  0:57  Probe (Chrono Boost)  
  18  1:08  Probe (Chrono Boost)  
  19  1:23  Nexus  
  19  1:26  Probe (Chrono Boost)  
  20  1:36  Cybernetics Core  
  20  1:37  Probe (Chrono Boost)  
  21  1:42  Assimilator  
  21  1:48  Probe (Chrono Boost)  
  21  1:53  Pylon  
  22  1:59  Probe (Chrono Boost)  
  23  2:13  Mothership Core (Chrono Boost)  
  23  2:15  Stalker  
  25  2:20  Warp Gate  
  27  2:32  Probe (Chrono Boost)  
  28  2:38  Probe (Chrono Boost)  
  28  2:44  Probe (Chrono Boost)  
  30  2:48  Probe (Chrono Boost)  
  31  2:56  Probe (Chrono Boost)  
  31  2:59  Probe (Chrono Boost)  
  31  3:00  Robotics Facility  
  32  3:08  Probe (Chrono Boost)  
  32  3:10  Probe (Chrono Boost)  
  33  3:18  Probe (Chrono Boost)  
  34  3:20  Gateway  
  34  3:22  Probe (Chrono Boost)  
  34  3:24  Gateway  
  35  3:29  Probe (Chrono Boost), Sentry  
  39  3:34  Probe (Chrono Boost)  
  39  3:39  Probe (Chrono Boost)  
  40  3:42  Pylon  
  40  3:45  Pylon, Observer  
  40  3:46  Probe (Chrono Boost)  
  42  3:50  Probe (Chrono Boost)  
  43  3:57  Pylon  
  43  3:58  Probe (Chrono Boost)  
  43  4:00  Probe (Chrono Boost)  
  45  4:04  Observer  
  47  4:10  Probe (Chrono Boost), Twilight Council  
  47  4:11  Probe (Chrono Boost)  
  48  4:21  Probe (Chrono Boost)  
  48  4:22  Probe (Chrono Boost)  
  48  4:24  Stalker x3  
  56  4:34  Probe (Chrono Boost)  
  57  4:41  Nexus  
  57  4:44  Probe (Chrono Boost)  
  57  4:45  Assimilator  
  58  4:47  Pylon  
  58  4:48  Blink  
  58  4:50  Assimilator  
  58  4:51  Sentry  
  60  4:54  Probe (Chrono Boost)  
  60  4:58  Probe (Chrono Boost)  
  62  5:05  Probe (Chrono Boost)  
  63  5:10  Probe (Chrono Boost)  
  64  5:15  Immortal  
  64  5:16  Probe (Chrono Boost)  
  70  5:22  Probe (Chrono Boost)  
  70  5:26  Probe (Chrono Boost)  
  70  5:27  Stalker x2  
  75  5:34  Probe (Chrono Boost)  
  76  5:42  Probe (Chrono Boost), Pylon  
  77  5:43  Pylon  
  77  5:46  Probe (Chrono Boost)  
  78  5:50  Pylon  
  78  5:52  Gateway  
  78  5:53  Gateway  
  78  5:55  Gateway  
  78  6:00  Immortal  
  78  6:02  Probe (Chrono Boost)  
  84  6:05  Probe (Chrono Boost)  
  84  6:17  Adept x3  
  90  6:23  Gateway  
  90  6:25  Pylon  
  90  6:26  Probe x2 (Chrono Boost)  
  90  6:28  Probe (Chrono Boost)  
  93  6:36  Resonating Glaives  
  93  6:39  Robotics Bay  
  93  6:44  Forge, Adept x3  
  99  6:52  Immortal  
  99  6:53  Adept x2  
  99  6:54  Adept  
  108  7:09  Adept x3  
  108  7:13  Pylon  
  108  7:14  Pylon  
  114  7:16  Pylon x2  
  114  7:18  Pylon  
  114  7:20  Protoss Ground Weapons Level 1  
  114  7:21  Stalker x2  
  118  7:30  Adept x2  
  118  7:31  Adept x3  
  114  7:55  Stalker  
  90  8:00  Adept x6  
  82  8:21  Stalker x6  
  82  8:22  Stalker  
  82  8:23  Probe (Chrono Boost)  
  82  8:25  Probe (Chrono Boost)  
  88  8:45  Adept x7  
  96  9:09  Stalker x7  
  93  9:17  Probe x2 (Chrono Boost)  
  93  9:19  Probe (Chrono Boost)  
  95  9:24  Warp Prism  
  95  9:27  Probe (Chrono Boost), Protoss Ground Armor Level 1  
  95  9:30  Assimilator  
  98  9:33  Adept  
  98  9:34  Adept x2  
  98  9:35  Assimilator  
  98  9:55  Adept  
  98  9:56  Adept x6  
  98  9:57  Probe (Chrono Boost)  
  98  9:59  Probe (Chrono Boost)  
  114  10:11  Probe (Chrono Boost)  
  114  10:13  Robotics Bay  
  115  10:16  Pylon  
  115  10:17  Pylon  
  115  10:24  Probe (Chrono Boost)  
  115  10:27  Gateway  
  116  10:35  Sentry x4  
  124  10:39  Adept x3, Nexus  
  114  11:07  Colossus  
  114  11:11  Adept x5  
  110  11:12  Extended Thermal Lance  
  112  11:21  Protoss Ground Weapons Level 2  
  86  11:33  Stalker x5  
  86  11:34  Stalker x2  
  98  11:43  Pylon  
  98  11:49  Stalker  
  98  11:54  Colossus  
  100  12:03  Adept x4  
  100  12:06  Pylon  
  114  12:08  Pylon  
  114  12:11  Sentry x3  
  120  12:31  Adept x4  
  120  12:36  Adept x4  
  136  12:40  Colossus  
  136  12:44  Assimilator  
  136  12:49  Assimilator  
  142  12:54  Adept x3  
  148  13:17  Stalker x4  
  156  13:20  Pylon  
  156  13:28  Templar Archives  
  156  13:31  Probe (Chrono Boost)  
  156  13:32  Stalker  
  156  13:33  Stalker  
  155  13:34  Stalker x2  
  159  13:53  Colossus  
  157  14:06  Psionic Storm  
  157  14:11  Stalker x4  
  157  14:12  High Templar x3, Stalker  
  165  14:42  Stalker x4  
  115  15:08  Archon  
  115  15:12  Stalker x3  
  115  15:13  Stalker x4  
  99  15:22  High Templar  
Tags
 
Add a new tag
Caveats
  • Supply blocks, unpowered buildings, or Contaminate may cause inaccurate times.
  • Supply counts are checked every 10 seconds.